Map: Jagannatha LE

Players

Massa - Winner!

  • Race: Terran Terran
  • League: Platinum
  • Spawn Location: 7:00

Kane

  • Race: Terran Terran
  • Spawn Location: 1:00

VOD

Have the link to the VOD?

Description

Time

  • Played on: Jan. 11, 2021, 12:47 p.m.
  • Length: 7:07
Show
View Real Time Build Order
Export as new Build Order

Massa Terran - Winner!

Build Orders: Banshee Rush 

Get SALT Encoding   

  12  0:00  SCV  
  13  0:13  SCV  
  14  0:17  Supply Depot  
  14  0:25  SCV  
  15  0:39  SCV  
  15  0:40  Barracks  
  16  0:46  Refinery  
  16  0:51  SCV  
  17  1:03  SCV  
  18  1:04  Refinery  
  18  1:15  SCV  
  19  1:29  Orbital Command  
  19  1:32  Marine  
  20  1:38  Supply Depot  
  20  1:48  Factory  
  20  1:52  Reaper  
  21  2:03  SCV  
  22  2:21  SCV  
  23  2:30  Barracks Tech Lab  
  23  2:33  SCV  
  24  2:41  Starport  
  24  2:56  Factory Tech Lab  
  24  2:57  Marine  
  24  2:59  Stimpack  
  24  3:03  SCV, Barracks  
  25  3:07  Barracks  
  25  3:11  Supply Depot  
  25  3:15  SCV  
  25  3:17  Starport Tech Lab  
  26  3:21  Siege Tank  
  26  3:23  Marine  
  30  3:35  Banshee  
  30  3:41  Cloaking Field  
  33  3:51  SCV  
  33  3:53  Barracks Reactor  
  34  3:58  Marine  
  34  3:59  Marauder  
  39  4:25  Supply Depot  
  37  4:41  Marauder  
  39  4:46  Banshee, Marine x2  
  39  4:47  Command Center  
  44  4:53  Supply Depot  
  44  5:03  Widow Mine  
  46  5:08  Marine  
  47  5:14  Marine  
  47  5:15  Marauder, Marine  
  51  5:26  Starport  
  51  5:29  Engineering Bay  
  51  5:36  Marauder  
  53  5:58  Banshee  
  56  6:14  Starport Reactor  
  55  6:45  Marine  
  55  6:46  Marauder, Marine x2  
Show
View Real Time Build Order
Export as new Build Order

Kane Terran 

Build Orders:  

Get SALT Encoding   

  12  0:13  Supply Depot  
  12  0:16  SCV  
  13  0:28  SCV  
  14  0:40  SCV, Barracks  
  15  0:52  SCV  
  16  1:06  SCV  
  17  1:13  Refinery  
  17  1:24  SCV  
  18  1:31  Marine, Supply Depot  
  19  1:41  SCV  
  19  1:44  Barracks  
  20  1:50  Marine  
  21  1:55  Barracks  
  21  2:13  SCV, Marine  
  23  2:25  SCV  
  24  2:33  Marine  
  26  2:37  SCV  
  26  2:41  Factory  
  26  2:46  Marine x2  
  28  2:56  Refinery, SCV  
  29  3:09  SCV  
  29  3:10  Supply Depot  
  30  3:13  Marine  
  31  3:30  Factory Tech Lab  
  31  3:31  Marine x2  
  33  3:35  Starport  
  33  3:39  Marine  
  34  3:43  SCV  
  34  3:45  Supply Depot  
  34  3:47  Command Center  
  35  3:59  Marine x3  
  38  4:07  Siege Tank  
  38  4:09  Supply Depot  
  41  4:18  Orbital Command  
  41  4:26  Medivac  
  43  4:38  Engineering Bay  
  43  4:40  Marine x2  
  45  4:52  Marine  
  46  4:58  Supply Depot  
  46  5:01  SCV x2  
  46  5:06  Refinery  
  48  5:09  Siege Tank  
  51  5:15  SCV x2  
  51  5:20  Barracks Tech Lab  
  53  5:21  Marine  
  53  5:22  Marine  
  55  5:31  Supply Depot  
  55  5:32  SCV x2  
  40  6:16  Starport Tech Lab  
  36  6:25  SCV  
  36  6:26  SCV  
  35  6:38  SCV x2  
  34  6:50  SCV x2  
Tags
 
League
Platinum
Matchup
TvT
Race
Terran
Replay Pack
Multiplayer
Spawn Locations
Cross Positions
Strategy
Banshee Rush
Add a new tag
Caveats
  • Supply blocks, unpowered buildings, or Contaminate may cause inaccurate times.
  • Supply counts are checked every 10 seconds.